 Dungeon Crawl Stone Soup version 0.30-a0-176-gdd20fb75b6 (webtiles) character file.

Game seed: 5668075862944861460

181 Angani the Poker (level 5, -4/46 HPs)
             Began as a Draconian Reaver on Oct 2, 2022.
             Was a Believer of Elyvilon.
             Splashed by a jelly's acid (8 damage)
             ... on level 4 of the Dungeon.
             The game lasted 00:05:32 (2313 turns).

Angani the Poker (Draconian Reaver)                 Turns: 2313, Time: 00:05:32

Health: -4/46      AC:  5    Str: 11 (12) XL:     5   Next: 34%
Magic:  3/8        EV: 11    Int: 13 (15) God:    Elyvilon [**....]
Gold:   214        SH:  0    Dex:  7 (10) Spells: 3/9 levels left

rFire   . . .      SeeInvis .    a - +0 spear
rCold   . . .      Faith    .    (no shield)
rNeg    . . .      Spirit   .    (body armour unavailable)
rPois   .          Reflect  .    (helmet restricted)
rElec   .          Harm     .    (no cloak)
rCorr   .          Rampage  .    (no gloves)
Will    .....                    (no boots)
Stlth   +.........               (no amulet)
HPRegen 0.27/turn                (no ring)
MPRegen 0.11/turn                (no ring)

@: immotile, very slightly contaminated, unable to drink
A: AC +5, unfitting armour, cold-blooded, stinger 1, weak 1, inability to drink
after injury 1
a: Renounce Religion, Purification, Heal Other


You were on level 4 of the Dungeon.
You worshipped Elyvilon.
Elyvilon was pleased with you.
You visited 1 branch of the dungeon, and saw 4 of its levels.

You collected 214 gold pieces.

Inventory:

Hand Weapons
 a - a +0 spear (weapon)
Missiles
 f - 6 poisoned darts (quivered)
Jewellery
 m - a ring of magical power
Scrolls
 c - 2 scrolls of magic mapping
 d - a scroll of amnesia {unknown}
 j - a scroll of poison {unknown}
 k - 3 scrolls of teleportation {unknown}
 n - a scroll of fear {unknown}
 o - a scroll of noise {unknown}
Potions
 b - a potion of haste
 e - a potion of resistance {unknown}
 g - a potion of heal wounds {unknown}
 i - a potion of attraction {unknown}
 l - a potion of invisibility {unknown}
 p - a potion of degeneration


   Skills:
 - Level 4.0 Fighting
 - Level 4.3 Polearms
 - Level 1.7 Dodging
 + Level 2.5 Spellcasting
 + Level 3.4 Conjurations
 + Level 1.1 Invocations


You had 3 spell levels left.
You knew the following spells:

 Your Spells              Type           Power      Damage    Failure   Level
a - Kiss of Death         Conj/Necr      24%        2d7       12%         1
b - Momentum Strike       Conj/Tloc      12%        3d8       19%         2
c - Hailstorm             Conj/Ice       6%         3d4       34%         3

Your spell library contained the following spells:

 Spells                   Type           Power      Damage    Failure   Level
 Magic Dart               Conj           40%        1d5       6%          1
 Call Imp                 Summ           1%         N/A       36%         2
 Mephitic Cloud           Conj/Pois/Air  4%         N/A       41%         3


Dungeon Overview and Level Annotations

Branches:
Dungeon (4/15)             Temple (0/1) D:4

Altars:
Elyvilon

Annotations:
D:3 2 transporters, jehirs's ghost, weakling MfTm


Innate Abilities, Weirdness & Mutations

Your plain brown scales are hard. (AC +5)
You cannot fit into any form of body armour.
You are cold-blooded and may be slowed by cold attacks.
Your tail ends in a venomous barb.
You are weak. (Str -2)
You occasionally lose the ability to drink potions when taking damage.


Message History

It was a potion of curing.
You feel better. The jelly closely misses you.
You feel better. The jelly hits you but does no damage.
Unknown command.
You hit the jelly.
Your hands burn!
The jelly is lightly wounded.
The jelly misses you.
You hit the jelly but do no damage.
Your hands burn!
The jelly is lightly wounded.
You are no longer robbed of momentum.
The jelly barely misses you.
You feel better. The jelly hits you.
You are splashed with acid!
Okay, then.
Unknown command.
Casting: Momentum Strike (safe; 19% risk of failure)
Confirm with . or Enter, or press ? or * to list all spells.
Aiming: Momentum Strike (safe; 19% risk of failure)
Press: ? - help, Dir - move target, f - jelly
Aim: a jelly (lightly wounded, 100% to hit)
You miscast Momentum Strike.
You are very lightly contaminated with residual magic.
Nothing appears to happen.
The jelly hits you.
* * * LOW HITPOINT WARNING * * *
You are splashed with acid.
You feel threatened and lose the ability to drink potions!
* * * LOW HITPOINT WARNING * * *
Unknown command.
Unknown command.
Casting: Momentum Strike (safe; 19% risk of failure)
Confirm with . or Enter, or press ? or * to list all spells.
Aiming: Momentum Strike (safe; 19% risk of failure)
Press: ? - help, Dir - move target, f/p - jelly
Aim: a jelly (lightly wounded, 100% to hit)
The concentrated momentum hits the jelly!
You are unable to move.
You can drink potions again.
The jelly hits you.
* * * LOW HITPOINT WARNING * * *
You are splashed with acid!
You feel threatened and lose the ability to drink potions!
You die...

### ## ..$
..
###.##.## #
......>...#
.#......#.#
......J...#
#@### #...#
######.#
#......#
#.######
#.# #.# #.#
#.#


You could see a jelly.

Vanquished Creatures
  4 gnolls (D:2)
  4 adders
  2 worms (D:3)
  A dart slug (D:2)
  An orc (D:3)
  7 ball pythons
  5 bats
  6 endoplasms
  4 giant cockroaches
  6 goblins
  9 hobgoblins
  3 jackals (D:1)
  3 quokkas
  3 frilled lizards
  5 kobolds
  4 rats
67 creatures vanquished.

Vanquished Creatures (others)
  An iguana (D:4)
  6 plants (D:3)
7 creatures vanquished.

Grand Total: 74 creatures vanquished

Notes
Turn   | Place    | Note
-------+----------+-------------------------------------------
     0 | D:1      | Angani the Draconian Reaver began the quest for the Orb.
     0 | D:1      | Reached XP level 1. HP: 17/17 MP: 3/3
   116 | D:1      | Reached XP level 2. HP: 25/25 MP: 5/5
   459 | D:1      | Reached XP level 3. HP: 31/31 MP: 6/6
   795 | D:2      | Reached XP level 4. HP: 20/40 MP: 7/7
  1144 | D:2      | Learned a level 2 spell: Momentum Strike
  1148 | D:2      | Learned a level 3 spell: Hailstorm
  1441 | D:3      | Found a faded altar of an unknown god.
  1573 | D:3      | Prayed at the altar of an unknown god.
  1573 | D:3      | Became a worshipper of Elyvilon the Healer
  1573 | D:3      | Reached * piety under Elyvilon
  1637 | D:3      | Gained mutation: You are weak. (Str -2) [potion of
                  | mutation]
  1637 | D:3      | Gained mutation: Your tail ends in a venomous barb. [potion
                  | of mutation]
  1637 | D:3      | Gained mutation: You occasionally lose the ability to drink
                  | potions when taking damage. [potion of mutation]
  1663 | D:3      | Noticed jehirs's ghost (weakling MfTm)
  1719 | D:3      | Reached XP level 5. HP: 43/46 MP: 8/8
  2110 | D:3      | Found a transporter.
  2111 | D:3      | Found a transporter.
  2259 | D:4      | Reached ** piety under Elyvilon
  2274 | D:4      | Found a staircase to the Ecumenical Temple.
  2304 | D:4      | Reached skill level 1 in Invocations
  2313 | D:4      | Splashed by a jelly's acid

Illustrated notes

Levels and vault maps discovered:
D:1:      dpeg_arrival_shelter, layout_rooms
D:2:      layout_basic, minivault_25
D:3:      layout_basic, nicolae_ecumenical_oubliette,
          gammafunk_ghost_gnarly_gnolls
D:4:      cheibrodos_quashed, layout_basic, minmay_temple_entry_enclosed_plants

Skill      XL: |  1  2  3  4  5 |
---------------+----------------+-----
Fighting       | 3 4 |  4.0
Polearms       | 4 |  4.3
Invocations    | 1 |  1.1
Dodging        | |  1.7
Spellcasting   | |  2.5
Conjurations   | |  3.4

Action                   |  1- 3 |  4- 6 || total
-------------------------+-------+-------++-------
Melee: Spear             |   127 |   146 ||   273
       Tailslap          |    11 |     9 ||    20
       Punch             |     1 |     1 ||     2
Throw: Dart              |     6 |     5 ||    11
 Cast: Momentum Strike   |       |     2 ||     2
  Use: Scroll            |       |     3 ||     3
       Potion            |       |     5 ||     5
 Stab: Sleeping          |       |     1 ||     1
Armor: Skin              |    36 |    27 ||    63
Dodge: Dodged            |    57 |    64 ||   121

Table legend: (Time is in decaauts)
 A = Elapsed time spent in this place.
 B = Non-inter-level travel time spent in this place.
 C = Inter-level travel time spent in this place.
 D = Time resting spent in this place.
 E = Time spent auto-exploring this place.
 F = Levels seen in this place.
 G = Mean time per level.
                   A        B        C        D        E       F      G
               +--------+--------+--------+--------+--------+-----+--------+
         Total |   2296 |   2046 |    250 |     36 |   1448 |   4 |  574.0 |
       Dungeon |   2296 |   2046 |    250 |     36 |   1448 |   4 |  574.0 |
               +--------+--------+--------+--------+--------+-----+--------+

Top non-repeatable levels by time:
     D:2: 824 daAuts
     D:1: 685 daAuts
     D:3: 664 daAuts
     D:4: 122 daAuts
